 Dungeon Crawl Stone Soup version 0.31-a0-431-g88bdf31460 (webtiles) character file.

Game seed: 609604765876849847

1768 corporatematt the Grappler (level 8, -7/79 HPs)
             Began as a Troll Berserker on Aug 1, 2023.
             Was a Priest of Trog.
             Mangled by a gnoll bouda
             ... wielding a +0 whip
              (10 damage)
             ... on level 7 of the Dungeon.
             The game lasted 00:33:30 (2724 turns).

corporatematt the Grappler (Troll Berserker)        Turns: 2724, Time: 00:33:31

Health: -7/79      AC:  4    Str: 28    XL:     8   Next: 80%
Magic:  7/7        EV: 11    Int:  3    God:    Trog [***...]
Gold:   186        SH:  0    Dex:  9    Spells: 7/7 levels left

rFire   . .          .
                       - Unarmed
rCold   . . .        (no shield)
rNeg    . . .        a - +0 animal skin
rPois   .            (helmet restricted)
rElec   .            u - scarf {+Inv}
rCorr   .            (gloves unavailable)
SInv    +            (boots unavailable)
Will    .....        (no amulet)
Stlth   +            s - ring of see invisible
HPRegen 1.13/turn    (no ring)
MPRegen 0.10/turn

%: no passive effects
@: on berserk cooldown, attractive, slowed, very slow
A: large, unfitting armour, claws 3, regeneration 1, shaggy fur 1, tough skin 1
a: Renounce Religion, Evoke Invisibility, Berserk, Trog's Hand


You were on level 7 of the Dungeon.
You worshipped Trog.
Trog was most pleased with you.
You visited 1 branch of the dungeon, and saw 7 of its levels.

You collected 186 gold pieces.

Inventory:

Hand Weapons
 c - a +0 mace of flaming
 e - a +0 sling
 f - a +0 dagger
 k - a +0 whip
 l - a +0 spear
 o - a +0 halberd
 z - a +0 orcbow
Missiles
 b - 23 stones
 j - 4 large rocks
Armour
 a - a +0 animal skin (worn)
 d - a +0 robe
 h - a +0 plate armour
 r - a +0 leather armour
 u - a scarf of invisibility (worn)
 y - a +0 pair of gloves
Jewellery
 g - a ring of resist corrosion
 s - a ring of see invisible (left claw)
Wands
 i - a wand of flame (17)
Scrolls
 n - a scroll of poison (quivered)
 p - 2 scrolls of identify
 t - a scroll of enchant armour {unknown}
 v - a scroll of fear {unknown}
 x - 2 scrolls of immolation {unknown}
 A - a scroll of vulnerability {unknown}
Potions
 w - a potion of mutation {unknown}


   Skills:
 + Level 4.6 Fighting
 + Level 5.8 Dodging
 + Level 0.9 Stealth
 + Level 8.5 Unarmed Combat


You had 7 spell levels left.
You didn't know any spells.
Your spell library contained the following spells:

 Spells                   Type           Power      Damage    Failure   Level
 Poisonous Vapours        Pois/Air       0%         N/A       67%         2
 Mephitic Cloud           Conj/Pois/Air  0%         N/A       88%         3
 Freezing Cloud           Conj/Ice/Air   0%         6-21      100%        5


Dungeon Overview and Level Annotations

Branches:
Dungeon (7/15)
 Temple: D:4-7

Altars:

Shops:
D:4 *


Innate Abilities, Weirdness & Mutations

You are too large for most types of armour.
You have claws for hands.
Your natural rate of healing is unusually fast.
You are covered in fur. (AC +1)
You have tough skin. (AC +1)


Message History

You are exhausted.
You feel yourself slow down.
The gnoll bouda attacks as you move away!
The gnoll bouda misses you.
The gnoll bouda gazes fiercely through you!
You feel your attacks grow feeble. The gnoll bouda barely misses you.
The gnoll bouda attacks as you move away!
The gnoll bouda hits you with a +0 whip.
* * * LOW HITPOINT WARNING * * *
A jelly comes into view.
The gnoll bouda attacks as you move away!
The gnoll bouda hits you with a +0 whip.
* * * LOW HITPOINT WARNING * * *
The jelly quivers.
The gnoll bouda closely misses you.
The gnoll bouda attacks as you move away!
The gnoll bouda misses you.
The orc priest attacks as you move away!
The orc priest hits you with a +0 short sword.
* * * LOW HITPOINT WARNING * * *
You scratch the orc priest. You claw the orc priest.
The orc priest is severely wounded.
The orc priest hits you with a +0 short sword.
* * * LOW HITPOINT WARNING * * *
The gnoll bouda hits you with a +0 whip!
* * * LOW HITPOINT WARNING * * *
The orc priest misses you. The gnoll bouda barely misses you.
As you read the scroll labelled RIRECU RERE, it crumbles to dust.
It is a scroll of identify.
n - a scroll of poison (quivered)
The orc priest barely misses you.
The gnoll bouda hits you with a +0 whip!
* * * LOW HITPOINT WARNING * * *
It was a potion of attraction.
You feel attractive to monsters.
Your attacks no longer feel as feeble.
The orc priest barely misses you. The gnoll bouda barely misses you.
The jelly jiggles.
The gnoll bouda hits you with a +0 whip!
You die...

##....#.# ... ..
##.......###.# .. .###.
#............##.##.....
...##...#.......o.#..
...........# #y.....
##..#....#.# #.#.##.
##...#......###...#..
#...@oJ....).).....#
##...g.#...#.#....##
####.######.....<# ###
#......# #..........
##..#...#...
#####.##### ###


You could see a gnoll bouda, a jelly and an orc priest.

Vanquished Creatures
  A wraith (D:5)
  3 water moccasins (D:6)
  2 ice beasts
  A black bear (D:6)
  A centaur (D:6)
  A kobold brigand (D:7)
  A bullfrog (D:6)
  A scorpion (D:4)
  A killer bee (D:7)
  3 howler monkeys
  5 hounds
  A gnoll bouda (D:5)
  Jessica (D:2)
  4 iguanas
  An orc wizard (D:5)
  2 sleepcaps
  Ijyb (D:5)
  11 gnolls
  3 adders
  A shadow imp (D:6)
  2 white imps (D:5)
  2 worms
  A dart slug (D:4)
  13 orcs
  5 endoplasms
  5 giant cockroaches
  6 goblins
  3 hobgoblins
  A quokka (D:1)
  4 ball pythons
  2 bats
  3 kobolds
  2 rats (D:1)
94 creatures vanquished.

Notes
Turn   | Place    | Note
-------+----------+-------------------------------------------
     0 | D:1      | corporatematt the Troll Berserker began the quest for the
                  | Orb.
     0 | D:1      | Reached XP level 1. HP: 22/22 MP: 0/0
   125 | D:1      | Reached XP level 2. HP: 29/29 MP: 1/1
   421 | D:2      | Reached XP level 3. HP: 30/36 MP: 2/2
   510 | D:2      | Reached XP level 4. HP: 45/45 MP: 3/3
   520 | D:2      | Noticed Jessica
   532 | D:2      | Killed Jessica
   581 | D:2      | Reached ** piety under Trog
   798 | D:2      | Found a faded altar of an unknown god.
   966 | D:3      | Noticed an ice beast
   974 | D:3      | Killed an ice beast
   975 | D:3      | Reached skill level 4 in Unarmed Combat
   975 | D:3      | Reached XP level 5. HP: 36/53 MP: 4/4
  1220 | D:4      | Reached XP level 6. HP: 62/62 MP: 5/5
  1222 | D:4      | Reached skill level 5 in Unarmed Combat
  1260 | D:4      | Found Newufax's Mayhem Merchandise.
  1614 | D:5      | Entered Level 5 of the Dungeon
  1692 | D:5      | Reached skill level 6 in Unarmed Combat
  1692 | D:5      | Reached XP level 7. HP: 62/68 MP: 6/6
  1812 | D:5      | Noticed Ijyb
  1819 | D:5      | Killed Ijyb
  1819 | D:5      | Reached *** piety under Trog
  1889 | D:5      | Noticed a wraith
  1903 | D:5      | Killed a wraith
  2309 | D:6      | Reached skill level 7 in Unarmed Combat
  2317 | D:6      | Reached XP level 8. HP: 25/78 MP: 7/7
  2360 | D:6      | Reached skill level 5 in Dodging
  2508 | D:6      | Reached skill level 8 in Unarmed Combat
  2723 | D:7      | HP: 2/79 [gnoll bouda/+0 whip (8)]
  2724 | D:7      | Mangled by a gnoll bouda

Illustrated notes

Levels and vault maps discovered:
D:1:      dpeg_arrival_long_road, layout_basic
D:2:      layout_basic, hellmonk_ecumenical_altar_defaced_shrine, uniq_jessica
D:3:      layout_loops_ring
D:4:      layout_rooms, minmay_shop_mayhem
D:5:      layout_loops_ring, uniq_ijyb
D:6:      layout_loops_ring, cheibrodos_sewer_entry_bend
D:7:      layout_cave_pools, minmay_temple_entry_glassed_door,
          minmay_fractal_squares_5, uniq_duvessa, uniq_pikel

Skill      XL: |  1  2  3  4  5  6  7  8 |
---------------+-------------------------+-----
Fighting       | 3 4 |  4.6
Dodging        | 3 4 5 |  5.8
Unarmed Combat | 4 6 7 8 |  8.5
Stealth        | |  0.9

Action                     |  1- 3 |  4- 6 |  7- 9 || total
---------------------------+-------+-------+-------++-------
  Melee: Unarmed           |    63 |    96 |   127 ||   286
         Punch             |     1 |     2 |     6 ||     9
         Halberd           |       |       |     9 ||     9
    Use: Scroll            |       |     2 |     3 ||     5
         Potion            |       |     1 |     6 ||     7
 Armour: Animal skin       |    25 |    26 |    37 ||    88
  Dodge: Dodged            |    36 |    56 |   104 ||   196

Table legend: (Time is in decaauts)
 A = Elapsed time spent in this place.
 B = Non-inter-level travel time spent in this place.
 C = Inter-level travel time spent in this place.
 D = Time resting spent in this place.
 E = Time spent auto-exploring this place.
 F = Levels seen in this place.
 G = Mean time per level.
                   A        B        C        D        E       F      G
               +--------+--------+--------+--------+--------+-----+--------+
         Total |   2720 |    815 |   1905 |      0 |      0 |   7 |  388.6 |
       Dungeon |   2720 |    815 |   1905 |      0 |      0 |   7 |  388.6 |
               +--------+--------+--------+--------+--------+-----+--------+

Top non-repeatable levels by time:
     D:5: 698 daAuts
     D:2: 526 daAuts
     D:4: 438 daAuts
     D:1: 385 daAuts
     D:6: 383 daAuts
     D:3: 252 daAuts
     D:7: 35 daAuts
